 Dungeon Crawl Stone Soup version 0.31-b1-22-gc680215f68 (webtiles) character file.

Game seed: 9320374350230979348

2 groovy9 the Trooper (level 1, -1/21 HPs)
             Began as a Gargoyle Berserker on Jan 18, 2024.
             Was a Follower of Trog.
             Slain by a frilled lizard (3 damage)
             ... on level 1 of the Dungeon.
             The game lasted 00:00:33 (63 turns).

groovy9 the Trooper (Gargoyle Berserker)              Turns: 63, Time: 00:00:33

Health: -1/21      AC:  4    Str: 20    XL:     1   Next: 40%
Magic:  1/1        EV: 11    Int:  7    God:    Trog [*.....]
Gold:   5          SH:  0    Dex:  9    Spells: 0/0 levels left

rFire   . . .        a - +0 hand axe
rCold   . . .        (no shield)
rNeg    + . .        b - +0 animal skin
rPois   ∞            (no helmet)
rElec   +            (no cloak)
rCorr   .            (no gloves)
SInv    .            (no boots)
Will    .....        (no amulet) Stlth
                     (no ring)
HPRegen 0.23/turn    (no ring)
MPRegen 0.07/turn

%: no passive effects
@: berserking, very quick
A: sickness immunity, AC +2, negative energy resistance 1, electricity
resistance, torment resistance 1, petrification resistance
a: Renounce Religion, Berserk


You were on level 1 of the Dungeon.
You worshipped Trog.
Trog was aware of your devotion.
You visited 1 branch of the dungeon, and saw 1 of its levels.

You collected 5 gold pieces.

Inventory:

Hand Weapons
 a - a +0 hand axe (weapon)
Armour
 b - a +0 animal skin (worn)
Scrolls
 c - a scroll of identify {unknown}
 d - a scroll of enchant weapon {unknown}
 e - a scroll of poison {unknown}


   Skills:
 + Level 3.3 Fighting
 * Level 2.8 Axes
 + Level 2.2 Armour
 - Level 1.5 Dodging


You couldn't memorise any spells.
You didn't know any spells.
Your spell library was empty.

Dungeon Overview and Level Annotations

Branches:
Dungeon (1/15)

Altars:


Innate Abilities, Weirdness & Mutations

You are immune to sickness and miasma.
Your stone body is resilient. (AC +2)
You are immune to poison.
You resist negative energy. (rN+)
You are resistant to electric shocks. (rElec)
You are resistant to unholy torment.
You are immune to petrification.


Message History

An endoplasm comes into view.
The endoplasm quivers.
A frilled lizard comes into view.
A frilled lizard comes into view.
The endoplasm hits you.
You hit the endoplasm but do no damage.
The frilled lizard hisses angrily. x2
The endoplasm hits you.
You are too injured to fight recklessly!
You are too injured to fight recklessly!
You are too injured to fight recklessly!
You are too injured to fight recklessly!
You barely miss the endoplasm. The endoplasm freezes you.
You are frozen.
You hit the endoplasm.
The endoplasm is lightly wounded.
The endoplasm hits you.
* * * LOW HITPOINT WARNING * * *
You hit the endoplasm.
The endoplasm is heavily wounded.
The endoplasm freezes you.
You are frozen.
* * * LOW HITPOINT WARNING * * *
You aren't carrying any potions.
Unknown command.
A red film seems to cover your vision as you go berserk!
You feel yourself moving faster!
You feel mighty!
The frilled lizard bites you but does no damage.
The endoplasm freezes you.
You are frozen.
* * * LOW HITPOINT WARNING * * *
You hit the endoplasm.
You kill the endoplasm!
Trog accepts your kill.
You closely miss the frilled lizard.
The frilled lizard completely misses you.
You miss the frilled lizard. You closely miss the frilled lizard.
The frilled lizard bites you.
You die...

#..........#....##.....#....
#..........####.............
#..........# ##.......####
#..........#####.......######
########.........#......##...
#.....###.###...........
....###.....######..♣♣♣♣♣.
..##..........# #.♣.♣♣♣♣♣. .
#.#.#..@##.# >.♣♣♣.∩∩∩♣.
......ll# .....♣♣∩.....∩
).......# #... ♣∩..♣♣♣..
...#..... ...♣♣∩...<...
........# ##.♣♣∩..♣♣♣..
......... ..♣♣∩ ..∩ ..#.#...#
♣ .∩♣♣ ......### ♣.♣ ♣.


You could see 2 frilled lizards.

Vanquished Creatures
  An endoplasm (D:1)
  A goblin (D:1)
2 creatures vanquished.

Notes
Turn   | Place    | Note
-------+----------+-------------------------------------------
     0 | D:1      | groovy9 the Gargoyle Berserker began the quest for the Orb.
     0 | D:1      | Reached XP level 1. HP: 14/14 MP: 1/1
    63 | D:1      | Slain by a frilled lizard

Illustrated notes

Levels and vault maps discovered:
D:1:      heliophobic_arrival_henge, layout_rooms, minmay_misc_feat_five

Action                     || total
---------------------------++-------
  Melee: Hand axe          ||     7
 Invoke: Berserk           ||     1
 Armour: Animal skin       ||     5
  Dodge: Dodged            ||     1
